 Dungeon Crawl Stone Soup version 0.31-a0-115-g4708a659fe (webtiles) character file.

Game seed: 16450342572929882251

17049 Conn the Arsonist (level 12, -1/62 (71) HPs)
             Began as an Octopode Fire Elementalist on May 29, 2023.
             Was an Elder of Sif Muna.
             Slain by a wraith (10 damage)
             ... led by Josephine
             ... on level 12 of the Dungeon.
             The game lasted 00:50:39 (15105 turns).

Conn the Arsonist (Octopode Fire Elementalist)     Turns: 15105, Time: 00:50:39

HP:   -1/62 (71)    AC:  3    Str: 12    XL:     12   Next: 43%
MP:   0/25          EV: 15    Int: 22    God:    Sif Muna [****..]
Gold: 461           SH:  0    Dex: 13    Spells: 2/30 levels left

rFire   + + .        n - +0 dagger (protect)
rCold   x . .        (no shield)
rNeg    + . .        e - +2 hat
rPois   +            g - amulet of the acrobat
rElec   .            j - ring of protection from fire
rCorr   .            q - ring of willpower
SInv    +            r - ring of flight
Will    +....        y - ring of positive energy
Stlth   ++++         z - ring of see invisible
HPRegen 0.30/turn    E - ring "Bamarph" {Fire rPois Str+5 Slay-3}
MPRegen 0.19/turn    (no ring)
                     (no ring)

%: acrobat
@: flying, studying Poison Magic, heavily drained
A: almost no armour, amphibious, 8 rings, camouflage 1, gelatinous body 1,
(nimble swimmer 1), tentacles
a: Renounce Religion, Channel Magic, Forget Spell, Divine Exegesis


You were on level 12 of the Dungeon.
You worshipped Sif Muna.
Sif Muna was greatly pleased with you.
You visited 3 branches of the dungeon, and saw 14 of its levels.
You also visited: Bailey.

You collected 938 gold pieces.
You spent 477 gold pieces at shops.

Inventory:

Hand Weapons
 k - a +0 dagger
 n - a +0 dagger of protection (weapon)
 N - a +1 short sword of venom
Missiles
 B - 5 throwing nets
 O - 3 curare-tipped darts
Armour
 e - a +2 hat (worn)
Jewellery
 g - an amulet of the acrobat (around mantle)
 j - a ring of protection from fire (left tentacle)
 q - a ring of willpower (right tentacle)
 r - a ring of flight (on tentacle)
 y - a ring of positive energy (on tentacle)
 z - a ring of see invisible (on tentacle)
 E - the ring "Bamarph" (on tentacle) {Fire rPois Str+5 Slay-3}
   (You bought it in a shop on level 9 of the Dungeon)

   [ring of fire]

   It enhances your fire magic.
   Str:       It affects your strength (+5).
   Slay:      It affects your accuracy & damage with ranged weapons and melee
   (-3).
   rF:        It protects you from fire.
   rC:        It makes you vulnerable to cold.
   rPois:     It protects you from poison.
Wands
 d - a wand of charming (10)
 f - a wand of iceblast (12)
 F - a wand of flame (9)
 J - a wand of light (7)
 M - a wand of polymorph (7)
Scrolls
 b - 8 scrolls of identify
 c - 5 scrolls of teleportation
 l - 3 scrolls of enchant armour
 o - a scroll of immolation {unknown}
 t - 2 scrolls of fog
 A - a scroll of fear {unknown}
 I - a scroll of blinking {unknown}
 L - a scroll of noise {unknown}
 P - a scroll of magic mapping
Potions
 a - 4 potions of magic
 h - 2 potions of degeneration {unknown}
 i - 3 potions of curing
 m - a potion of enlightenment {unknown}
 p - 3 potions of lignification {unknown}
 s - 2 potions of mutation {unknown}
 u - 3 potions of invisibility {unknown}
 v - 2 potions of brilliance
 w - 2 potions of cancellation {unknown}
 x - 3 potions of haste
 C - a potion of resistance {unknown}
 D - a potion of heal wounds
 G - a potion of might {unknown}
 H - 2 potions of ambrosia {unknown}
 K - 2 potions of attraction {unknown}


   Skills:
 + Level 2.3 Fighting
 + Level 2.9 Short Blades
 + Level 5.1 Dodging
 + Level 6.4 Stealth
 - Level 0.1 Unarmed Combat
 + Level 9.7 Spellcasting
 * Level 7.4 Conjurations
 + Level 2.3 Hexes
 + Level 4.1 Translocations
 * Level 3.3 Transmutations
 + Level 11.2 Fire Magic
 * Level 2.4 Air Magic
 + Level 2.5 Earth Magic
 * Level 4.5 Invocations
 + Level 0.1 Evocations


You had 2 spell levels left.
You knew the following spells:

 Your Spells              Type           Power      Damage    Failure   Level
a - Foxfire               Conj/Fire      100%       2x1d9     1%          1
b - Scorch                Fire           100%       2d9       1%          2
c - Inner Flame           Hex/Fire       57%        N/A       1%          3
d - Flame Wave            Conj/Fire      67%        2d15      1%          4
e - Blink                 Tloc           56%        N/A       1%          2
f - Irradiate             Conj/Tmut      17%        3d17      19%         5
g - Fireball              Conj/Fire      33%        3d14      3%          5
h - Stone Arrow           Conj/Erth      64%        3d11      2%          3
i - Swiftness             Air            21%        N/A       7%          3

Your spell library contained the following spells:

 Spells                   Type           Power      Damage    Failure   Level
 Magic Dart               Conj           100%       1d8       1%          1
 Lesser Beckoning         Tloc           56%        N/A       1%          2
 Static Discharge         Conj/Air       64%        2-5/arc   1%          2
 Passwall                 Tmut/Erth      19%        N/A       2%          2
 Sting                    Tmut/Pois      72%        1d6       3%          1
 Ensorcelled Hibernation  Hex/Ice        30%        N/A       6%          2
 Poisonous Vapours        Pois/Air       32%        N/A       6%          2
 Call Imp                 Summ           20%        N/A       10%         2
 Volatile Blastmotes      Fire/Tloc      100%       2d18      1%          3
 Gell's Gravitas          Tloc           28%        N/A       3%          3
 Mephitic Cloud           Conj/Pois/Air  25%        N/A       4%          3
 Iskenderun's Mystic Bla  Conj/Tloc      36%        2d9       6%          4
 Fulminant Prism          Conj/Hex       16%        3d10      9%          4
 Iskenderun's Battlesphe  Conj           43%        2d9       9%          5
 Manifold Assault         Tloc           28%        N/A       12%         4
 Passage of Golubria      Tloc           28%        N/A       12%         4
 Airstrike                Air            10%        2d(2-18)  22%         4
 Summon Lightning Spire   Summ/Air       16%        N/A       36%         4
 Blade Hands              Tmut           12%        N/A       41%         5
 Animate Dead             Necr           10%        N/A       52%         4
 Olgreb's Toxic Radiance  Pois           10%        N/A       52%         4
 Lee's Rapid Deconstruct  Erth           10%        3d8*      52%         5
 Conjure Ball Lightning   Conj/Air       16%        3x3d6     77%         6
 Orb of Destruction       Conj           21%        9d8       94%         7
 Dragon Form              Tmut           12%        N/A       100%        7
 Haunt                    Necr/Summ      5%         N/A       100%        7
 Spellforged Servitor     Conj/Summ      13%        N/A       100%        7
 Storm Form               Tmut/Air       11%        N/A       100%        7
 Infestation              Necr           5%         N/A       100%        8
 Lehudib's Crystal Spear  Conj/Erth      16%        10d5      100%        8
 Animate Armour           Summ/Erth      Unusable   N/A       N/A         4

Dungeon Overview and Level Annotations

Branches:
Dungeon (12/15)            Temple (1/1) D:4            Lair (0/5) D:10
    Orc (1/2) D:9          Bailey (visited)

Altars:
Ashenzari
Cheibriados
Dithmenos
Elyvilon
Fedhas
Gozag
Hepliaklqana
Kikubaaqudgha
Makhleb
Nemelex Xobeh
Okawaru
Qazlal
Ru
Sif Muna
Trog
Uskayaw
Vehumet
Wu Jian
Xom
Yredelemnul
Zin
The Shining One

Shops:
D:9 =   D:11 [

Annotations:
D:4 2 transporters, MrShunz's ghost, amateur VSBr
D:12 Josephine


Innate Abilities, Weirdness & Mutations

You cannot wear most types of armour.
You are amphibious.
You can wear up to eight rings at the same time.
Your skin changes colour to match your surroundings (Stealth+).
Your rubbery body absorbs attacks. (AC +1, EV +1)
((You are camouflaged when in or above water. (Stealth+)))
You have tentacles for arms and can constrict up to eight enemies at once.


Message History

Okay, then.
Unknown command.
Unknown command.
Unknown command.
Unknown command.
You feel better.
Josephine is engulfed in blazing flames.
Flame seeps out of Josephine.
Josephine hits you with a +5 dagger of venom!
* * * LOW HITPOINT WARNING * * *
Josephine is engulfed in blazing flames.
Flame seeps out of Josephine.
Josephine points at you and mumbles some strange words.
The ghostly flame explodes!
The ghostly fireball engulfs you! You partially resist.
You feel drained.
* * * LOW HITPOINT WARNING * * *
The ghostly fireball engulfs the wraith.
The wraith completely resists.
The ghostly fireball engulfs Josephine.
Josephine completely resists.
The ghostly fireball engulfs the wraith.
The wraith completely resists.
The wraith closely misses you. x2
Okay, then.
Unknown command.
Unknown command.
Okay, then.
You feel much better.
The wraith is no longer more vulnerable to fire.
Josephine gestures at you while chanting.
The ghostly flame explodes!
The ghostly fireball engulfs you! You partially resist.
You feel drained.
* * * LOW HITPOINT WARNING * * *
The ghostly fireball engulfs the wraith.
The wraith completely resists.
The ghostly fireball engulfs Josephine.
Josephine completely resists.
The ghostly fireball engulfs the wraith.
The wraith completely resists.
The ghostly fireball engulfs the wraith.
The wraith completely resists.
The wraith closely misses you. The wraith hits you!
You die...

#........#......
...#######........#..####
#..W..#..##...[.###..# #
#.....#...#.....#....#
#.WWW.#...#.....#....#
#..@..+...#.....#....#
#.....#...#.....'....+
#.....###W#.....#..###
#...W@@...#####..#
#....WW...#......#
#.........#......#
#.........#......#
#.........########
###########


You could see Josephine (fast, inner flame) and 4 wraiths.

Vanquished Creatures
  An orc warlord (Bailey)
  Harold (D:11)
  Erolcha (D:9)
  A boulder beetle (D:12)
  A centaur warrior (D:10)
  2 two-headed ogres
  Sonja (D:12)
  A wizard (D:4)
  An orc knight (Bailey)
  2 cyclopes (D:11)
  A manticore (D:11)
  A gargoyle (D:11)
  4 trolls
  A hornet (D:9)
  A vampire (D:11)
  5 wraiths
  12 yaks
  A shadow (D:5)
  2 wyverns (D:10)
  4 acid dragons
  Edmund (D:4)
  3 water moccasins
  Duvessa (D:6)
  5 orc warriors
  2 sky beasts
  2 black bears
  3 ogres
  3 ice beasts
  7 centaurs
  A kobold brigand (D:10)
  A phantom (D:5)
  4 bullfrogs
  3 scorpions (D:5)
  13 wights
  Dowan (D:6)
  3 killer bees (D:9)
  4 howler monkeys
  9 electric eels (D:9)
  A lava snake (D:11)
  3 jellies (D:6)
  6 orc priests
  9 hounds
  2 gnoll boudas
  12 iguanas
  3 sleepcaps
  6 orc wizards
  7 gnolls
  7 adders
  3 white imps
  2 ufetubi
  A worm (D:3)
  A dart slug (D:3)
  49 orcs
  5 bats
  4 endoplasms
  2 giant cockroaches
  19 goblins
  9 hobgoblins
  9 jackals
  23 kobolds
  3 quokkas (D:4)
  4 ball pythons
  4 frilled lizards
  9 rats
  A fire vortex (D:11)
314 creatures vanquished.

Vanquished Creatures (others)
  A kobold (D:10)
  813 foxfires
814 creatures vanquished.

Grand Total: 1128 creatures vanquished

Notes
Turn   | Place    | Note
-------+----------+-------------------------------------------
     0 | D:1      | Conn the Octopode Fire Elementalist began the quest for the
                  | Orb.
     0 | D:1      | Reached XP level 1. HP: 11/11 MP: 3/3
   243 | D:1      | Reached XP level 2. HP: 17/17 MP: 1/5
   244 | D:1      | Found a faded altar of an unknown god.
   310 | D:1      | You fall into a shaft and drop 1 floor!
   689 | D:1      | Reached XP level 3. HP: 18/21 MP: 3/6
  1323 | D:2      | Reached XP level 4. HP: 27/27 MP: 3/7
  2443 | D:3      | Found a shadowy altar of Dithmenos.
  3003 | D:3      | Found an iron altar of Okawaru.
  3151 | D:3      | Reached XP level 5. HP: 12/32 MP: 7/9
  3318 | D:4      | Reached skill level 4 in Fire Magic
  3333 | D:4      | Noticed Edmund
  3417 | D:3      | Learned a level 2 spell: Scorch
  3421 | D:3      | Learned a level 3 spell: Inner Flame
  3426 | D:3      | Learned a level 4 spell: Flame Wave
  3454 | D:5      | Entered Level 5 of the Dungeon
  3473 | D:4      | Killed Edmund
  3474 | D:4      | Reached XP level 6. HP: 15/37 MP: 0/11
  3705 | D:5      | Reached skill level 1 in Fighting
  4216 | D:4      | Found a staircase to the Ecumenical Temple.
  4241 | D:4      | Reached XP level 7. HP: 43/43 MP: 3/13
  4514 | D:4      | Found a transporter.
  4530 | Temple   | Entered the Ecumenical Temple
  4693 | D:4      | Found a transporter.
  4733 | D:4      | Noticed MrShunz's ghost (amateur VSBr)
  4798 | D:4      | Found a bloodstained altar of Trog.
  4799 | D:4      | Noticed a wizard
  4805 | D:4      | Killed a wizard
  4806 | D:4      | Reached skill level 5 in Fire Magic
  4960 | D:4      | Found a shimmering blue altar of Sif Muna.
  4966 | D:4      | Became a worshipper of Sif Muna the Loreminder
  5256 | D:5      | Noticed a shadow
  5259 | D:5      | Reached skill level 1 in Short Blades
  5311 | D:5      | Killed a shadow
  5312 | D:5      | Reached XP level 8. HP: 48/48 MP: 6/15
  5410 | D:5      | Found a glowing silver altar of Zin.
  5456 | D:5      | Reached skill level 5 in Spellcasting
  5610 | D:5      | Reached skill level 6 in Fire Magic
  5731 | D:5      | Reached skill level 1 in Hexes
  6266 | D:5      | Found a burning altar of Makhleb.
  6274 | D:5      | Reached skill level 7 in Fire Magic
  6426 | D:5      | Reached skill level 5 in Stealth
  6435 | D:5      | Reached XP level 9. HP: 41/53 MP: 7/17
  6768 | D:5      | Reached skill level 8 in Fire Magic
  6776 | D:5      | Reached * piety under Sif Muna
  7374 | D:6      | Noticed Duvessa
  7379 | D:6      | Noticed Dowan
  7385 | D:6      | Killed Duvessa
  7391 | D:6      | Killed Dowan
  7961 | D:7      | Reached XP level 10. HP: 60/60 MP: 18/20
  7962 | D:7      | Found a flagged portal.
  7973 | Bailey   | Entered a bailey
  7987 | Bailey   | Reached ** piety under Sif Muna
  8092 | Bailey   | Noticed an orc warlord
  8134 | Bailey   | Noticed an orc knight
  8142 | Bailey   | Reached skill level 9 in Fire Magic
  8153 | Bailey   | Killed an orc knight
  8327 | Bailey   | Acquired an Inescapable Atlas
  8332 | Bailey   | Learned a level 2 spell: Blink
  8338 | Bailey   | Learned a level 5 spell: Irradiate
  8341 | Bailey   | Found a runed translucent gate.
  8341 | Bailey   | Found a runed translucent gate.
  8341 | Bailey   | Found a runed translucent gate.
  8832 | Bailey   | Killed an orc warlord
  8833 | Bailey   | Reached skill level 5 in Conjurations
  8833 | Bailey   | Reached skill level 1 in Transmutations
  8994 | Bailey   | Got the Lessons on the Warped Throng
  9005 | Bailey   | Acquired a book of the Spheres
  9013 | Bailey   | Learned a level 5 spell: Fireball
  9017 | Bailey   | Learned a level 3 spell: Stone Arrow
  9386 | D:7      | Found a radiant altar of Vehumet.
  9615 | D:8      | Reached skill level 1 in Translocations
  9995 | D:7      | Reached skill level 1 in Invocations
 10375 | D:8      | Reached skill level 1 in Earth Magic
 10977 | D:9      | Reached *** piety under Sif Muna
 10978 | D:9      | Reached XP level 11. HP: 45/64 MP: 6/23
 11114 | D:9      | Found Sewueq's Jewellery Shoppe.
 11122 | D:9      | Bought the ring "Bamarph" {Fire rPois Str+5 Slay-3} for 477
                  | gold pieces
 11147 | D:9      | Reached skill level 10 in Fire Magic
 11293 | D:9      | Noticed Erolcha
 11300 | D:9      | Killed Erolcha
 11350 | D:9      | Found a hazy altar of Hepliaklqana.
 11638 | D:9      | Found a snail-covered altar of Cheibriados.
 11822 | D:9      | Found a staircase to the Orcish Mines.
 11823 | D:9      | Noticed a two-headed ogre
 11856 | D:9      | Killed a two-headed ogre
 12116 | Orc:1    | Entered Level 1 of the Orcish Mines
 12264 | D:9      | Found a sacrificial altar of Ru.
 12343 | D:10     | Entered Level 10 of the Dungeon
 12521 | D:10     | Found a transporter.
 12527 | D:10     | Found a transporter.
 12690 | D:10     | Noticed a two-headed ogre
 12691 | D:10     | Noticed a centaur warrior
 12699 | D:10     | Killed a centaur warrior
 12726 | D:10     | Killed a two-headed ogre
 13009 | D:10     | Reached **** piety under Sif Muna
 13313 | D:10     | Reached skill level 5 in Dodging
 13439 | D:10     | Found a staircase to the Lair.
 13640 | D:11     | Noticed a cyclops
 13642 | D:11     | Noticed a cyclops
 13746 | D:10     | Learned a level 3 spell: Swiftness
 13795 | D:11     | Found a snail-covered altar of Cheibriados.
 13797 | D:11     | Found Cheibriados's Comfort Zone.
 13909 | D:11     | Noticed Harold
 13916 | D:11     | Killed Harold
 13917 | D:11     | Reached XP level 12. HP: 70/71 MP: 2/25
 13920 | D:11     | Reached skill level 1 in Air Magic
 14421 | D:11     | Reached skill level 11 in Fire Magic
 14762 | D:12     | Noticed Sonja
 14769 | D:12     | Killed Sonja
 14773 | D:12     | Noticed a boulder beetle
 14781 | D:12     | Killed a boulder beetle
 15090 | D:12     | Noticed Josephine
 15104 | D:12     | HP: 1/65 [Josephine/ghostly fireball (12)]
 15105 | D:12     | Slain by a wraith

Illustrated notes

Levels and vault maps discovered:
D:1:      matt_arrival_refuge, layout_basic, ebering_ecumenical_altar_rust
D:2:      layout_loops_ring, minivault_14, minmay_misc_feat_doors
D:3:      kennysheep_big_flooded_room, layout_basic,
          mainiacjoe_overflow_tiny_flanked, pf_just_have_faith,
          chequers_decorated_corner, chequers_garden, nrook_loot_triangle,
          minivault_23
D:4:      layout_cave_pools, led_sif_pool, trog_wizard,
          minmay_temple_entry_sparse_star, gammafunk_ghost_smash, uniq_edmund
D:5:      kennysheep_windowed_halls, layout_loops_ring,
          makhleb_heckhound_becter, general_overflow_altar, bh_walls_and_bars
D:6:      layout_basic, uniq_duvessa
D:7:      layout_rooms, fiery_altar_vehumet, enter_bailey_3
D:8:      layout_loops_ring, grunt_ministairs_11, kennysheep_potato
D:9:      layout_rooms, mainiacjoe_overflow_alcove_2, mainiacjoe_overflow_paths,
          marbit_many_paths, minmay_orc_entry_temple_small, serial_shops, shop,
          kennysheep_boxes, uniq_erolcha
D:10:     layout_basic, minmay_lair_entry_grove, nicolae_diode_stairs
D:11:     layout_roguey, st_stairs_11, minmay_shop_chei, kennysheep_donut,
          uniq_harold
D:12:     layout_gridville, serial_shops, shop, uniq_sonja, uniq_josephine
Temple:   hellmonk_temple_flake
Orc:1:    layout_caves, minmay_orc_barracks

Skill      XL: |  1  2  3  4  5  6  7  8  9 10 11 12 |
---------------+-------------------------------------+-----
Stealth        | 3 4 5 6 |  6.4
Spellcasting   | 3 4 5 7 8 9 |  9.7
Fire Magic     | 4 5 7 8 9 10 11 | 11.2
Conjurations   | 2 3 4 5 7 |  7.4
Fighting       | 1 2 |  2.3
Short Blades   | 1 2 |  2.9
Hexes          | 1 2 |  2.3
Dodging        | 3 4 5 |  5.1
Transmutations | 1 3 |  3.3
Translocations | 1 4 |  4.1
Invocations    | 2 4 |  4.5
Earth Magic    | 1 2 |  2.5
Air Magic      | 2 |  2.4
Unarmed Combat | |  0.1
Evocations     | |  0.1

Action                     |  1- 3 |  4- 6 |  7- 9 | 10-12 || total
---------------------------+-------+-------+-------+-------++-------
  Melee: Unarmed           |    12 |     5 |       |       ||    17
         Tentacles         |     4 |    13 |    18 |    31 ||    66
         Constrict         |     4 |    12 |    13 |    12 ||    41
         Dagger            |       |    51 |    93 |    88 ||   232
         Punch             |       |     3 |     3 |     2 ||     8
   Cast: Foxfire           |    42 |   100 |    85 |   245 ||   472
         Scorch            |       |     6 |    44 |    63 ||   113
         Inner Flame       |       |     3 |     6 |    25 ||    34
         Flame Wave        |       |       |    13 |    29 ||    42
         Fireball          |       |       |       |     7 ||     7
         Blink             |       |       |       |     5 ||     5
         Stone Arrow       |       |       |       |     2 ||     2
 Invoke: Channel Magic     |       |       |       |     1 ||     1
  Evoke: Wand              |       |       |       |     5 ||     5
    Use: Potion            |       |     4 |       |     2 ||     6
         Scroll            |       |     3 |     1 |     7 ||    11
   Stab: Sleeping          |       |     6 |     8 |     5 ||    19
 Armour: Skin              |     6 |    12 |    32 |    39 ||    89
  Dodge: Dodged            |    16 |    63 |   101 |   145 ||   325

Table legend: (Time is in decaauts)
 A = Elapsed time spent in this place.
 B = Non-inter-level travel time spent in this place.
 C = Inter-level travel time spent in this place.
 D = Time resting spent in this place.
 E = Time spent auto-exploring this place.
 F = Levels seen in this place.
 G = Mean time per level.
                   A        B        C        D        E       F      G
               +--------+--------+--------+--------+--------+-----+--------+
         Total |  15090 |  14727 |    363 |   1766 |   9075 |  15 | 1006.0 |
       Dungeon |  13865 |  13502 |    363 |   1319 |   8867 |  12 | 1155.4 |
        Temple |    153 |    153 |      0 |      0 |    132 |   1 |  153.0 |
  Orcish Mines |      5 |      5 |      0 |      0 |      0 |   1 |    5.0 |
        Bailey |   1065 |   1065 |      0 |    447 |     76 |   1 | 1065.0 |
               +--------+--------+--------+--------+--------+-----+--------+

Top non-repeatable levels by time:
     D:5: 2173 daAuts
     D:3: 1462 daAuts
     D:9: 1431 daAuts
    D:10: 1379 daAuts
     D:4: 1174 daAuts
     D:8: 1149 daAuts
  Bailey: 1065 daAuts
    D:11: 1046 daAuts
     D:6: 1010 daAuts
     D:1: 996 daAuts
     D:2: 938 daAuts
     D:7: 752 daAuts
    D:12: 349 daAuts
  Temple: 153 daAuts
   Orc:1: 5 daAuts
